[Event "Azerbaijan-ch 1st League 2025"]
[Site "Baku"]
[Date "2025.01.14"]
[Round "9.3"]
[White "Ahmad, Khagan"]
[Black "Ughuzov, Ravan"]
[Result "0-1"]
[Annotator "TA"]
[ECO "E01"]
[WhiteElo "2406"]
[BlackElo "2250"]
[PlyCount "78"]
[EventDate "2025.01.05"]
[EventType "swiss"]
[EventCountry "AZE"]
[SourceTitle "playchess.com"]
[Source "ChessBase"]
[SourceQuality "1"]
[TimeControl "40/5400+30:1800+30"]

1. Nf3 Nf6 2. c4 e6 3. g3 d5 4. d4 Bd6 5. Bg2 h6 6. O-O O-O 7. Qc2 b6 8. Nc3 Bb7 9. cxd5 exd5 10. Nb5 Nc6 11. Nxd6 cxd6 12. Bd2 Ne4 13. Rfc1 Qf6 14. e3 Ne7 15. Qa4 Bc8 {[%emt 0:17:12] ...Bg4 is the strong threat.} 16. Be1 Bg4 17. Nd2 Ng5 18. Kh1 Rfc8 {[%emt 0:08:07] Wards off Rc7} ({Black should try} 18... a6 $14) 19. h4 (19. Rxc8+ $16 Rxc8 20. Qxa7) 19... Nf3 $1 $11 20. Qd1 Nxe1 $1 21. Qxe1 g5 22. hxg5 hxg5 23. Kg1 Kg7 24. Rxc8 Rxc8 25. Rc1 Qe6 26. Rxc8 Qxc8 27. e4 Qe6 28. Qe3 f6 29. f3 Bh3 30. Qa3 Bxg2 31. Kxg2 dxe4 32. fxe4 {[%emt 0:00:00][%mdl 4096] Endgame KQN-KQN} a5 33. Qc3 Qxa2 34. d5 b5 35. Nf3 $2 {[%emt 0:00:32] [#]} (35. Kf2 $15) 35... Kf7 (35... Qb1 $1 $19 36. e5 (36. Nxg5 $2 {is the wrong capture.} Kg6 $19) 36... Nxd5 (36... dxe5 37. d6 $15) 37. exf6+ Nxf6 (37... Kg6 38. Qd2 $17) 38. Nxg5 b4) 36. Kh3 $2 (36. Nd2 $17 {is tougher.}) 36... Qb1 $19 37. e5 (37. Qe1 $142 Qxb2 38. Qxa5) 37... g4+ 38. Kh2 gxf3 39. e6+ Kg6 0-1

[Event "Azerbaijan-ch 1st League 2025"]
[Site "Baku"]
[Date "2025.01.14"]
[Round "9.4"]
[White "Garayev, Kanan"]
[Black "Baghirov, Mahammad"]
[Result "1-0"]
[Annotator "TA"]
[ECO "A31"]
[WhiteElo "2340"]
[BlackElo "1932"]
[PlyCount "93"]
[EventDate "2025.01.05"]
[EventType "swiss"]
[EventCountry "AZE"]
[SourceTitle "playchess.com"]
[Source "ChessBase"]
[SourceQuality "1"]
[TimeControl "40/5400+30:1800+30"]

1. c4 Nf6 2. Nc3 g6 3. g3 Bg7 4. Bg2 O-O 5. d4 d6 6. Nf3 Nc6 7. O-O Bf5 8. d5 Na5 9. Nd4 Bd7 10. b3 c5 11. dxc6 Nxc6 12. e3 Qc8 13. Re1 Bh3 14. Bh1 Bg4 15. Qd2 a6 16. Bb2 Nxd4 17. Qxd4 Be6 18. Qd2 Rd8 19. e4 Qc7 20. Nd5 Nxd5 21. Bxg7 Kxg7 22. exd5 (22. cxd5 Bh3 $14) 22... Bf5 23. Qe3 Re8 24. Qd4+ Kg8 25. Re3 h5 26. Rae1 b5 27. Qh4 Ra7 28. h3 Qc8 (28... bxc4 $6 29. g4 Bc2 30. gxh5 $16) ({Better is} 28... Qc5 $14) 29. g4 $16 (29. Rxe7 $6 Raxe7 30. Rxe7 Rxe7 31. Qxe7 bxc4 32. bxc4 (32. Qxd6 $2 c3 $19) 32... Qc5 $11) 29... hxg4 30. hxg4 (30. Rxe7 $2 Rexe7 31. Rxe7 Qd8 32. hxg4 Rxe7 $19) 30... Bxg4 31. Rg3 (31. Rxe7 $2 {perishes.} Rexe7 32. Rxe7 Qd8 33. Qxg4 Rxe7 $19) 31... Bf5 32. Ree3 $1 {[%emt 0:02:21] White is much more active.} e5 {[%emt 0:08:00] [#]} 33. Qf6 $1 bxc4 (33... Kf8 $1 $14) 34. bxc4 (34. Bg2 $18 {is more deadly.}) 34... Rc7 {[%emt 0:00:35] [#]} (34... e4 $16) 35. Bg2 $1 $18 Qd8 36. Qxf5 {[%emt 0:00:21] Be4 is the strong threat.} Rxc4 $2 {[%emt 0:00:06] [#]} (36... Kg7 $18 37. Rc3 Rh8) 37. Rxg6+ $1 fxg6 (37... Kf8 38. Rh3) 38. Qxg6+ Kf8 39. Qf5+ Ke7 40. Qe6+ Kf8 41. Qf5+ Ke7 $1 42. Qe6+ Kf8 43. Qh6+ Kf7 44. Rg3 Rc1+ 45. Qxc1 (45. Bf1 $142 Qg5 46. Rxg5 (46. Qxg5 Rxf1+ 47. Kxf1 Rf8 48. Rc3 Rb8 49. Rc7+ Kf8 50. Qh6+ Kg8 51. Qg7#) 46... Ke7 47. Rg7+ Kd8 48. Qxd6+ (48. Qxc1 Re7 49. Qg5 Kc8 50. Qxe7 Kb8 51. Rg8#) 48... Kc8 49. Qd7+ Kb8 50. Qb7#) 45... Rg8 46. Rxg8 Kxg8 47. Qh6 1-0

[Event "Azerbaijan-ch 1st League 2025"]
[Site "Baku"]
[Date "2025.01.14"]
[Round "9.5"]
[White "Aslanov, Umid"]
[Black "Orujov, Farid"]
[Result "1-0"]
[Annotator "TA"]
[ECO "B22"]
[WhiteElo "2250"]
[BlackElo "2301"]
[PlyCount "91"]
[EventDate "2025.01.05"]
[EventType "swiss"]
[EventCountry "AZE"]
[SourceTitle "playchess.com"]
[Source "ChessBase"]
[SourceQuality "1"]
[TimeControl "40/5400+30:1800+30"]

1. e4 c5 2. c3 d5 3. exd5 Qxd5 4. d4 Nc6 5. Nf3 Bf5 6. Nbd2 cxd4 7. Bc4 Qd7 8. cxd4 e6 $1 9. O-O Nf6 10. Bb5 Bd6 {[%emt 0:02:38] Wards off Ne5} (10... a6 $142 11. Ne5 Qxd4 12. Bxc6+ (12. Nxc6 Qd5 $15) 12... bxc6) 11. Nc4 O-O 12. Bg5 Ne4 13. Be3 a6 ({Black should try} 13... Qc7 $11) 14. Nb6 Qd8 15. Nxa8 axb5 16. d5 (16. Nb6 $5) 16... Ne5 (16... exd5 $11 17. Nb6 Be6) 17. Nxe5 $1 $16 Bxe5 {[%emt 0:00:04] A strong pair of Bishops.} 18. Nb6 Bc7 {[%emt 0:16:39] [#]} (18... Bxb2 $14 19. dxe6 Bxa1 20. exf7+ Kxf7 21. Qxa1 Kg8) 19. dxe6 $1 $18 Bxb6 {[%emt 0:01:09] [#]} (19... Bxe6 20. Qxd8) 20. e7 $1 Qxe7 21. Bxb6 Qf6 22. Qd4 Qg6 23. Bc7 h5 24. Qb6 f6 (24... Qxb6 25. Bxb6 Be6) 25. Qxb5 (25. Qxb7 $6 h4 26. Qxb5 Rc8 $18) 25... h4 26. f3 (26. Qxb7 $6 Ng5 27. h3 Nxh3+ 28. Kh2 Ng5 $18) 26... Ng5 27. Rad1 {[%emt 0:11:00] Repels Bd3} (27. Qxb7 $6 Bd3 $16) 27... Kh7 28. Qb4 (28. Qxb7 Re8) 28... h3 {[%emt 0:01:52][%cal Og5f3] ( -> ...Nxf3+!)} 29. g3 $1 (29. Qxf8 $2 Ne6 $19) 29... Re8 (29... Bd3) 30. Qh4+ (30. Qxb7 Bd3 31. Rf2 Be2 $14) 30... Kg8 31. Qc4+ Be6 32. Qc3 (32. Qb5 $18) 32... Rc8 $16 33. a4 ({Better is} 33. Rd4 $1 $16) 33... Qf5 34. Rd4 (34. g4 $16 Nxf3+ 35. Rxf3 (35. Qxf3 Qxf3 36. Rxf3 Bxg4 $11) 35... Qxg4+ 36. Kf2 Qg2+ 37. Ke3) 34... Bd5 $1 $11 35. Rf4 Qd7 36. Rd1 {[%emt 0:01:06][%cal Oc3b3] and Qb3! would now be decisive} Rxc7 (36... Ne6 {simplifies} 37. Rc4 Rxc7 38. Rxd5 Qxd5 39. Rxc7 Nxc7 40. Qxc7 Qxf3 41. Qc8+ Kf7) 37. Qa5 {[%emt 0:00:01] [#]} (37. Rxd5 $1 $11 Qxd5 38. Qxc7 Qd1+ 39. Kf2 Qd2+ 40. Kf1 Qg2+ 41. Ke1 Nxf3+ 42. Rxf3 Qxf3 43. Qc8+ Kh7 44. Qxh3+ Kg6 45. Qf1 Qe4+ 46. Kf2) 37... Ne6 $2 {[%emt 0:00:41][%mdl 8192] [#]} 38. Rf5 $1 $18 (38. Qxd5 Qxd5 39. Rxd5 Rc1+ 40. Kf2 Rc2+ 41. Ke3 Nxf4 42. Kxf4 Rxb2 $15) (38. Rxd5 Rc1+ 39. Kf2 Rc2+ 40. Ke3 Qc6 41. Rd8+ Kf7 $11 (41... Nxd8 42. Qxd8+ Kf7 43. Rd4 $11)) 38... Nd4 (38... Rc2 {was called for.} 39. Rfxd5 (39. Qxd5 Qxd5 40. Rfxd5 Ng5 $16) 39... Ng5) 39. Rxd5 ({Inferior is} 39. Rxd4 Rc1+ 40. Kf2 Rc2+ 41. Kg1 Rg2+ (41... Qxf5 42. Qxd5+ Qxd5 43. Rxd5 $19) 42. Kh1 Qxf5 $17) (39. Qxd5+ Qxd5 40. Rxd5 Nxf3+ 41. Kf2 Nxh2 $11) 39... Nxf3+ (39... Qe7 $142 40. Kh1 (40. R5xd4 Qe3+ 41. Kf1 Qxf3+ 42. Ke1 Qe3+ 43. Kf1 Qf3+ 44. Ke1 Qe3+ 45. Kf1 Qf3+ $11) (40. Qa8+ $2 Kh7 $19) 40... Nc6) 40. Kf2 Rc2+ 41. Kxf3 Qc6 42. Qd8+ Kh7 43. Qd7 Qxd7 44. Rxd7 Rxb2 45. R1d2 Rb3+ 46. R7d3 1-0

[Event "Azerbaijan-ch 1st League 2025"]
[Site "Baku"]
[Date "2025.01.14"]
[Round "9.6"]
[White "Alizada, Pasham"]
[Black "Isbatov, Kanan"]
[Result "1-0"]
[Annotator "TA"]
[ECO "D00"]
[WhiteElo "2117"]
[BlackElo "1882"]
[PlyCount "59"]
[EventDate "2025.01.05"]
[EventType "swiss"]
[EventCountry "AZE"]
[SourceTitle "playchess.com"]
[Source "ChessBase"]
[SourceQuality "1"]
[TimeControl "40/5400+30:1800+30"]

1. d4 Nf6 2. Nc3 d5 3. Bf4 g6 4. e3 Bg7 5. h4 h5 6. Nf3 (6. Nb5 $5 Na6 $8 7. Nc3 $11) 6... O-O 7. Ne5 c5 8. Qd2 Nc6 9. f3 Nd7 10. Nxd5 Ndxe5 11. dxe5 Nxe5 12. O-O-O {[%emt 0:03:29][%cal Od5f6] And now Nf6+! would win.} Be6 {[%emt 0:03:57] [#]} 13. Qc3 $1 Nd7 $1 (13... Bxd5 $2 14. Bxe5 Bh6 15. Qe1 $18 (15. Qxc5 e6 $16)) 14. Qa3 Rc8 {[%emt 0:03:22] Wards off Nc7} 15. Bc4 a6 {[%emt 0:07:15] [#]} 16. Bg5 $1 $36 {[%emt 0:01:02][%mdl 2048] White is on the roll.} Re8 {[%emt 0:06:06] [#]} 17. Nxe7+ $1 Rxe7 18. Bxe6 {[%emt 0:00:01] White is more active.} fxe6 19. Qd3 $1 Qb6 20. Bxe7 $18 Bxb2+ 21. Kd2 Ne5 22. Qb3 Qc6 $2 (22... Kf7 {was necessary.}) 23. Ke2 (23. Qxb2 $2 {too greedy.} Nc4+ 24. Kc3 Nxb2 25. Kxb2 c4 $19) 23... c4 $2 (23... Qb5+ 24. Qxb5 axb5 25. Rd8+ Rxd8) 24. Qxb2 c3 25. Qb3 Nc4 26. Qxc3 e5 27. Qd3 Nb6 28. Bd6 Qxc2+ 29. Qxc2 Rxc2+ 30. Kd3 1-0

[Event "Azerbaijan-ch 1st League 2025"]
[Site "Baku"]
[Date "2025.01.14"]
[Round "9.7"]
[White "Hamidov, Allahverdi"]
[Black "Gurbanov, Ismayil"]
[Result "1/2-1/2"]
[Annotator "TA"]
[ECO "E54"]
[WhiteElo "2200"]
[BlackElo "2248"]
[PlyCount "61"]
[EventDate "2025.01.05"]
[EventType "swiss"]
[EventCountry "AZE"]
[SourceTitle "playchess.com"]
[Source "ChessBase"]
[SourceQuality "1"]
[TimeControl "40/5400+30:1800+30"]

1. d4 Nf6 2. c4 e6 3. Nc3 Bb4 4. e3 O-O 5. Bd3 d5 6. Nf3 dxc4 7. Bxc4 c5 8. O-O cxd4 9. exd4 b6 10. Ne5 Bb7 11. Qb3 Bxc3 12. bxc3 Bd5 13. Bxd5 Qxd5 14. Bb2 Nbd7 15. c4 Qb7 16. Nxd7 Nxd7 17. d5 exd5 18. cxd5 Nc5 19. Qc3 f6 20. Rad1 Rad8 21. Qc4 Qa6 22. Qxa6 Nxa6 23. Ba3 Rf7 24. Rfe1 Nc5 25. Bxc5 bxc5 $11 {[%emt 0:00:01][%mdl 4096] Endgame KRR-KRR} 26. Rd2 Rfd7 27. Red1 c4 28. g3 c3 29. Rc2 Rxd5 30. Rxd5 Rxd5 31. Rxc3 1/2-1/2

[Event "Azerbaijan-ch 1st League 2025"]
[Site "Baku"]
[Date "2025.01.14"]
[Round "9.9"]
[White "Ibrahimli, Suat"]
[Black "Idrisov, Tabriz"]
[Result "1/2-1/2"]
[Annotator "TA"]
[ECO "B00"]
[WhiteElo "1949"]
[BlackElo "2073"]
[PlyCount "85"]
[EventDate "2025.01.05"]
[EventType "swiss"]
[EventCountry "AZE"]
[SourceTitle "playchess.com"]
[Source "ChessBase"]
[SourceQuality "1"]
[TimeControl "40/5400+30:1800+30"]

1. e4 Nc6 2. d4 d5 3. e5 Bf5 4. Be2 e6 5. Nf3 f6 6. exf6 Qxf6 7. c3 Bd6 8. a4 h6 9. Na3 a6 10. Be3 Nge7 11. b4 O-O 12. O-O Ng6 13. Qd2 Be4 14. Ne1 Nf4 15. f3 Nxe2+ 16. Qxe2 Bg6 17. f4 Be4 $1 18. Nb1 {[%emt 0:00:30] [#]} (18. Nac2 $15) 18... Bh7 {[%emt 0:10:04] This pair of bishops is nice.} (18... g5 $1 $17 19. Nd2 gxf4 (19... Bxf4 20. Bxf4 gxf4 21. Nxe4 $16)) 19. Nd2 $11 Qg6 20. g3 a5 21. b5 Ne7 22. Nef3 Qh5 (22... Bxf4 23. Bxf4 Rxf4 24. Qe5 $14) 23. Rf2 Nc8 24. Ne5 Qxe2 25. Rxe2 Nb6 26. Nb3 Nc4 27. Bf2 (27. Nxc4 $14 dxc4 28. Nc5) 27... Bxe5 $1 28. dxe5 b6 {[%emt 0:00:13] Dodges Nc5} 29. Nd4 Rae8 30. h4 {[%emt 0:00:30] [#]} (30. Be3 $11 {remains equal.}) 30... h5 ({Better is} 30... g5 $1 $17 31. hxg5 hxg5) 31. Rd1 Bg6 32. Kh2 Kh7 33. Kh3 Kg8 34. Be3 Kf7 35. Bc1 Ke7 36. Rf2 Be4 37. Re2 Bg6 38. Rg1 Bf5+ 39. Nxf5+ exf5 (39... Rxf5 $11 40. Reg2 (40. g4 hxg4+ 41. Rxg4 Kf7 $11) 40... Rg8) 40. Be3 $14 Ke6 41. Bd4 Rb8 42. Rb1 Rfc8 43. Ra2 1/2-1/2

[Event "Azerbaijan-ch 1st League 2025"]
[Site "Baku"]
[Date "2025.01.14"]
[Round "9.10"]
[White "Rzayev, Chingiz"]
[Black "Salimov, Shovkat"]
[Result "0-1"]
[Annotator "TA"]
[ECO "A45"]
[WhiteElo "2153"]
[BlackElo "1977"]
[PlyCount "64"]
[EventDate "2025.01.05"]
[EventType "swiss"]
[EventCountry "AZE"]
[SourceTitle "playchess.com"]
[Source "ChessBase"]
[SourceQuality "1"]
[TimeControl "40/5400+30:1800+30"]

1. d4 Nf6 2. Bg5 g6 3. Bxf6 exf6 4. e3 Bg7 5. Bd3 d5 6. Qf3 f5 7. Ne2 c6 8. Nd2 Nd7 9. g4 (9. Nf4 $11 {keeps the balance.}) 9... fxg4 $17 10. Qxg4 {[%emt 0:00:01] [#]} Ne5 $1 11. Qg3 Nxd3+ 12. cxd3 Qa5 13. Nc3 {[%emt 0:00:56] Wards off Qb5} O-O 14. h4 h5 15. O-O-O Re8 16. Rhg1 Qa6 17. Nb3 b6 18. Qf4 Bf5 19. Rg5 $2 (19. Kc2 $17 {is a better defense.}) 19... Bxd3 $19 20. Rdg1 (20. Re5 $142) 20... Qc8 (20... c5 $142 21. Rxd5 Re6) 21. Qg3 Qd7 22. Rxh5 {[%emt 0:00:21] [#]} f6 {[%emt 0:01:38] Inhibits Rg5.} ({Black should play} 22... a5 $1 $19 {[%cal Ra5a4] and ...a4 should not be overlooked} 23. Na4 Qd8 (23... gxh5 24. Qxg7#)) 23. e4 gxh5 24. Qxd3 dxe4 25. Nxe4 Kh8 26. Qf3 Qd5 27. Rxg7 $2 (27. Nbd2) 27... Qxe4 ({Less strong is} 27... Kxg7 28. Qxf6+ Kg8 29. Qg6+ Kf8 30. Qf6+ Qf7 31. Qh6+ Qg7 32. Qf4+ Kg8 33. Nf6+ Kh8 34. Nxe8 Rxe8 35. Nd2 $19) 28. Qxf6 (28. Rg3 $19 Qe1+ (28... Qxh4 $2 29. Nd2 $19) 29. Qd1) 28... Re6 $2 (28... Qe1+ {mates} 29. Kc2 Re2+ 30. Kd3 Qd1+ (30... Rxf2 31. Qh6#) 31. Nd2 Qxd2+ (31... Rxd2+ $2 32. Ke3 $19) 32. Kc4 Qc2+ (32... Qxb2 33. Qh6#) 33. Kb4 a5+ (33... Rxf2 34. Qh6+) 34. Ka3 Qxb2+ 35. Ka4 Qxa2#) 29. Qf7 $2 (29. Re7+ $19 Rxf6 30. Rxe4) 29... Qe1+ 30. Kc2 Re2+ 31. Kd3 Qd1+ (31... Rxf2 32. Rh7#) 32. Kc4 Qc2+ ({Weaker is} 32... Rxb2 33. Rh7#) 0-1

[Event "Azerbaijan-ch 1st League 2025"]
[Site "Baku"]
[Date "2025.01.14"]
[Round "9.11"]
[White "Hajialiyev, Islam"]
[Black "Davudov, Tunar"]
[Result "0-1"]
[Annotator "TA"]
[ECO "E07"]
[WhiteElo "2217"]
[BlackElo "2225"]
[PlyCount "124"]
[EventDate "2025.01.05"]
[EventType "swiss"]
[EventCountry "AZE"]
[SourceTitle "playchess.com"]
[Source "ChessBase"]
[SourceQuality "1"]
[TimeControl "40/5400+30:1800+30"]

1. Nf3 Nf6 2. g3 d5 3. Bg2 e6 4. d4 Be7 5. O-O O-O 6. c4 Nbd7 7. Nc3 dxc4 8. e4 Rb8 9. a4 a6 10. Qe2 b5 11. axb5 axb5 12. Rd1 b4 13. Nb1 Bb7 14. Ne5 Ra8 $1 15. Rxa8 Qxa8 16. Bg5 Rd8 (16... Bxe4 $2 17. Bxe4 Nxe4 18. Bxe7 $18) (16... Nxe5 $6 17. dxe5 Nd5 18. exd5 Bxg5 19. Qxc4 $11) 17. Nxd7 Rxd7 18. d5 h6 19. Bxf6 Bxf6 20. Qxc4 exd5 (20... Bxb2 21. Qxb4 Be5 22. Nc3 $11) 21. exd5 Be7 ({Don't play} 21... Bxb2 $6 22. Qxb4 Be5 23. Nc3 $11) 22. Bf3 Qd8 23. Qb3 Bf8 24. Nc3 Qf6 25. Ne2 Bc5 26. Kg2 Qb6 27. Rf1 Ba6 28. Rc1 {[%emt 0:06:16] [#]} (28. Ra1 $15) 28... Bb5 $1 $17 (28... Bxf2 29. Rc6 Qa7 30. Rxa6 (30. Qxb4 Bxe2 31. Bxe2 Bb6 $11) 30... Qxa6 31. Kxf2 $11) 29. Rc2 Bxf2 {[%emt 0:05:02] Black is more active.} 30. Qxb4 Bxe2 {[%emt 0:00:12] A strong pair of Bishops.} 31. Qxb6 Bxf3+ ({Much less strong is} 31... Bxb6 32. Rxe2 Bc5 33. Re8+ Kh7 34. Kf1 $15) 32. Kxf2 cxb6 33. Kxf3 {[%emt 0:00:09] and Rc8+ would now be decisive} Rxd5 {[%emt 0:00:05][%mdl 4096] Endgame KR-KR. Black is a pawn up.} 34. h4 Rb5 35. Kg4 (35. g4 $17) 35... g6 36. Rc8+ Kg7 37. Rc2 Rb3 38. Kf4 h5 39. Rd2 Kh6 40. Rc2 f6 41. Rc6 (41. Rg2 $142) 41... Rxb2 $19 42. Ke3 Kg7 43. Rc7+ Kf8 44. Rb7 Rb5 45. Ke4 Rb3 46. Kf4 b5 47. Rb8+ Ke7 48. Rb7+ Kd6 49. Rb6+ Kc5 50. Rxf6 Rb4+ 51. Ke3 Rg4 52. Rf3 Rd4 53. Rf8 Rd6 54. Rc8+ Kb4 55. Rc1 Ka3 {[%emt 0:00:35] and ...b4 would now be decisive} 56. Ra1+ Kb2 57. Ra8 b4 58. Rc8 b3 59. Rb8 Ka2 60. Ra8+ {[%emt 0:00:10] [#]} Kb1 $1 61. Rb8 b2 {[%emt 0:00:07] ( -> ...Ra6)} 62. Ke2 Ra6 0-1

[Event "Azerbaijan-ch 1st League 2025"]
[Site "Baku"]
[Date "2025.01.14"]
[Round "9.12"]
[White "Azimov, Yasin"]
[Black "Ahmadov, Fariz"]
[Result "1-0"]
[Annotator "TA"]
[ECO "E62"]
[WhiteElo "1880"]
[BlackElo "2224"]
[PlyCount "107"]
[EventDate "2025.01.05"]
[EventType "swiss"]
[EventCountry "AZE"]
[SourceTitle "playchess.com"]
[Source "ChessBase"]
[SourceQuality "1"]
[TimeControl "40/5400+30:1800+30"]

1. d4 g6 2. Nf3 Bg7 3. g3 Nf6 4. Bg2 O-O 5. O-O d6 6. c4 Nc6 7. Nc3 Bf5 8. Re1 Ne4 9. Nh4 (9. Nxe4 $14 Bxe4 10. d5) 9... Nxc3 $15 10. bxc3 Bd7 11. Rb1 Rb8 12. e4 e5 13. Nf3 Na5 14. Qd3 c5 15. dxe5 (15. Be3 $11) 15... dxe5 $17 16. Bg5 Qe8 17. Qd6 (17. Be3 Rc8 18. Nd2) 17... Rc8 18. Bf1 b6 19. Qd2 (19. Qe7 $17) 19... Be6 $19 20. Bh6 Rd8 (20... Bxc4 21. Bxg7 Kxg7 22. Bxc4 Nxc4 23. Qe2 $15) 21. Qc1 Bxc4 22. Bxg7 Kxg7 23. Nh4 (23. Qc2 $17 {is a better defense.}) 23... f6 (23... Bxa2 24. Nf5+ Kh8 (24... gxf5 25. Qg5+ Kh8 26. Qf6+ Kg8 27. Rxb6 $11) 25. Qh6 $17) 24. f4 Bxf1 (24... Bxa2 25. Ra1 Bg8 26. Qe3) 25. Rxf1 Nc4 26. Rf2 {[%emt 0:02:16] Wards off Nd2} Qc6 27. Qe1 exf4 28. gxf4 Rfe8 29. e5 Kh8 30. Rg2 f5 31. Qg3 Qe6 32. Qh3 Rg8 33. Nf3 Qe7 34. Ng5 Rgf8 (34... Rd5 $17) 35. Re1 Nd2 36. Rge2 {[%emt 0:02:17] Wards off Ne4} c4 ({Black should play} 36... Kg8 $15) 37. e6 $11 Ne4 {[%emt 0:04:55] and ...Rd3 would now be decisive} 38. Nxe4 fxe4 39. Rxe4 Rd3 40. Qg2 Rfd8 41. Rxc4 {[%emt 0:06:42][%cal Oc4d4] Rd4! would now be deadly.} Kg7 {[%emt 0:01:55] [#]} (41... Qh4 $11 {remains equal.} 42. Rce4 Rxc3) 42. Qg5 $1 $16 Qxg5+ 43. fxg5 {[%emt 0:00:01][%mdl 4096] Endgame KRR-KRR. White is a pawn up.} Re8 44. Rc7+ Kg8 45. Rxa7 Rd6 (45... Rxc3 $142 46. Kf2 Rc6) 46. e7 Rc6 {[%emt 0:00:12] Wards off Rc7} 47. Re4 (47. Kg2 $142) 47... Rxc3 (47... b5 $142 48. Re3 Rc5) 48. h4 {[%emt 0:00:07] White is more active.} ({White should play} 48. a4) 48... b5 49. Kf2 Rc4 $2 (49... Rd3 $16 50. h5 gxh5) 50. Rxc4 $18 bxc4 51. Ke3 Kf7 52. Kd4 Rc8 {[%emt 0:00:05] [#]} 53. e8=Q+ $1 Kxe8 54. Rxh7 $2 (54. Kc3 $1 $18 {is the precise move to win.}) 1-0

[Event "Azerbaijan-ch 1st League 2025"]
[Site "Baku"]
[Date "2025.01.14"]
[Round "9.13"]
[White "Isfandiyarli, Kamal"]
[Black "Halafov, Ilgar"]
[Result "1-0"]
[Annotator "TA"]
[ECO "E75"]
[WhiteElo "2027"]
[BlackElo "1990"]
[PlyCount "73"]
[EventDate "2025.01.05"]
[EventType "swiss"]
[EventCountry "AZE"]
[SourceTitle "playchess.com"]
[Source "ChessBase"]
[SourceQuality "1"]
[TimeControl "40/5400+30:1800+30"]

1. d4 Nf6 2. c4 g6 3. Nc3 Bg7 4. e4 d6 5. Be2 O-O 6. Bg5 c5 7. d5 e6 8. Qd2 exd5 9. exd5 Re8 10. Nf3 Bf5 11. O-O Qd7 (11... Na6 $14) 12. Nh4 $16 Na6 {[%emt 0:14:46] [#]} 13. Nxf5 (13. f3 $142 $1) 13... Qxf5 14. Bd3 {[%emt 0:01:52] Inhibits Ne4.} Qd7 15. h3 Nc7 16. a4 Rf8 17. f4 h6 18. Bh4 Rae8 19. a5 Ra8 (19... Na6 $11) 20. Kh1 Rfe8 ({Better is} 20... Qd8 21. f5 g5) 21. Bxf6 Bxf6 22. Ne4 Qd8 23. f5 g5 24. Qd1 Kg7 25. Qh5 Rh8 26. Rae1 {[%emt 0:00:30] White has more active pieces. Black is weak on the light squares} ({White should play} 26. Ra3 $16) 26... Ne8 $14 27. b4 cxb4 $17 28. c5 dxc5 (28... Qxa5 $15 29. cxd6 (29. Nxd6 $2 Nxd6 30. cxd6 Qxd5 $19) 29... Qxd5) 29. Nxc5 (29. Bc4 $1 $11 Nd6 30. Nxd6 Qxd6 31. Re6) 29... Qxd5 (29... Qxa5 $17 30. Rc1 (30. Nxb7 $2 Qb6 $19) (30. Ne6+ Kg8 $17) 30... Qb6) 30. Rc1 $1 $15 {[%emt 0:05:23] [#]} Nd6 $1 {[%emt 0:04:45] Prevents Bc4.} 31. Ne6+ Kg8 $1 (31... fxe6 32. Qg6+ Kf8 33. Qxf6+ Nf7 34. fxe6 (34. Qxe6 Qxd3 35. Rfd1 Qa6 $17)) 32. Rfd1 {[%emt 0:05:00] aiming for Nc7.} Rc8 {[%emt 0:04:58] aiming for ...Rxc1.} (32... fxe6 33. Qg6+ Kf8 34. Qxf6+ Nf7 35. fxe6 $18 (35. Qxe6 Qxe6 36. fxe6 Ne5 $18)) 33. Bc4 $2 (33. Bf1 $17 {was worth a try.} Rxc1 (33... Qxf5 34. Rxc8+ Nxc8 35. Bc4 $11) 34. Rxd5 Rxf1+ 35. Kh2) 33... Qe5 $2 (33... Rxc4 $19 34. Rxd5 Rxc1+ 35. Kh2 b3 (35... fxe6 36. Qg6+ Kf8 37. Qxf6+ Kg8 38. Rxd6 Rc8 39. Qxe6+ Kf8 40. Qxc8+ Kg7 41. Qxb7+ Kg8 42. Rd8#) 36. Rxd6 Be5+ (36... fxe6 37. Qg6+ Kf8 38. Qxf6+ Kg8 39. Rd8+ Kh7 40. Rxh8#) 37. g3 Bxd6 38. Nxg5 Rc2+ 39. Kh1 Rh7 (39... hxg5 40. Qxg5+ Kf8 41. Qd8+ Kg7 42. Qg5+ Kh7 43. f6 $11)) 34. Rxd6 $1 $11 {[%emt 0:02:11][%cal Oe6g5] Threatening mate with Nxg5!.} Qxd6 $4 {[%emt 0:02:18][%mdl 8192] [#]} (34... Rxc4 $15 35. Rcd1 (35. Rxc4 $2 {perishes.} Qe1+ 36. Kh2 Be5+ $19) 35... Rc8 (35... fxe6 36. Rd8+ Bxd8 37. Rxd8+ Kh7 38. Qg6#)) 35. Nxg5 $1 $18 Rf8 (35... Rc7 36. Nxf7) 36. Qg6+ Bg7 37. Bxf7+ 1-0

[Event "Azerbaijan-ch 1st League 2025"]
[Site "Baku"]
[Date "2025.01.14"]
[Round "9.15"]
[White "Alizada, Agshin"]
[Black "Baghirov, Orkhan"]
[Result "1-0"]
[Annotator "TA"]
[ECO "A43"]
[WhiteElo "2116"]
[BlackElo "1989"]
[PlyCount "74"]
[EventDate "2025.01.05"]
[EventType "swiss"]
[EventCountry "AZE"]
[SourceTitle "playchess.com"]
[Source "ChessBase"]
[SourceQuality "1"]
[TimeControl "40/5400+30:1800+30"]

1. d4 Nf6 2. Nf3 c5 3. d5 e6 4. Nc3 d6 5. e4 e5 (5... Be7 $14 {is superior.}) 6. h3 a6 7. a4 g6 8. Be2 Bg7 9. Nd2 O-O (9... Nbd7 $142) 10. Nc4 $16 Ne8 11. g4 Nd7 12. Be3 {[%emt 0:00:55] White is much more active.} Nb6 13. Na3 Bd7 14. b3 Rb8 15. Qd2 Nc7 16. h4 f5 17. gxf5 gxf5 {[%emt 0:00:02] and ...f4 would now be decisive} 18. Bg5 Qe8 19. Rg1 ({White should try} 19. O-O-O) 19... Kh8 20. a5 (20. Bh6 {looks sharper.} Bxh6 21. Qxh6 Qe7 22. Rg6) 20... Nc8 21. Bh6 (21. exf5 {simplifies} Bxf5 22. O-O-O b5 23. axb6 Nxb6 24. f3) 21... Bxh6 $1 22. Qxh6 Qe7 $1 {[%emt 0:00:02] Prevents Qg7+} 23. O-O-O Rf6 $1 {[%emt 0:02:12] Repels Rg6} 24. Qg5 $40 {[%emt 0:02:10][%csl Gg1][%cal Rg5g8][%mdl 128] White is up to no good.} Na7 $2 {[%emt 0:07:23] [#]} (24... Qf8 $14) 25. f4 $1 $18 h6 {[%emt 0:04:50] [#]} 26. Qg2 $1 Rff8 27. Nc4 Ncb5 28. Nxb5 Nxb5 (28... Bxb5 $142 29. fxe5 (29. Qg6 Rf6 $14) 29... Bxc4) 29. fxe5 dxe5 30. Qg6 Rf6 {[%emt 0:02:20] [#]} 31. Nxe5 $1 Nd4 {[%emt 0:00:01] [#]} (31... Nd6 32. Qg3) 32. Rxd4 $1 cxd4 {[%emt 0:00:20] [#]} 33. d6 $1 Qf8 34. Bc4 Rxg6 $2 (34... Rd8 35. h5 fxe4) 35. Nxg6+ Kh7 36. Nxf8+ Rxf8 37. e5 {[%emt 0:00:09] e6 would now be deadly.} Re8 1-0